 Dungeon Crawl Stone Soup version 0.30-a0-364-gf6b3ef1049 (webtiles) character file.

Game seed: 11208878581712991551

7140 Lobster4 the Merchant of Misery (level 11, -4/83 HPs)
             Began as a Human Necromancer on Nov 15, 2022.
             Was a Believer of Kikubaaqudgha.
             Slain by a troll (11 damage)
             ... on level 10 of the Dungeon.
             The game lasted 00:41:01 (10825 turns).

Lobster4 the Merchant of Misery (HuNe)             Turns: 10825, Time: 00:41:02

Health: -4/83      AC:  9    Str:  8    XL:     11   Next: 31%
Magic:  17/21      EV: 14    Int: 20    God:    Kikubaaqudgha [**....]
Gold:   522        SH:  0    Dex: 20    Spells: 14/23 levels left

rFire   . . .      SeeInvis .    a - +3 dagger (venom)
rCold   + . .      Faith    .    (no shield)
rNeg    . . .      Spirit   .    P - +2 leather armour {rC+}
rPois   .          Reflect  .    q - +0 helmet
rElec   .          Harm     .    F - +0 cloak
rCorr   .          Rampage  .    O - +0 pair of gloves
Will    +....                    (no boots)
Stlth   ++........               w - amulet of magic regeneration
HPRegen 0.33/turn                l - ring of willpower
MPRegen 0.57/turn                s - +6 ring of dexterity

@: animating dead
A: no striking features
a: Renounce Religion, Unearth Wretches


You were on level 10 of the Dungeon.
You worshipped Kikubaaqudgha.
Kikubaaqudgha was pleased with you.
You visited 2 branches of the dungeon, and saw 11 of its levels.

You collected 678 gold pieces.
You spent 156 gold pieces at shops.

Inventory:

Hand Weapons
 a - a +3 dagger of venom (weapon)
 b - a +0 shortbow
 f - a +0 dagger
 m - a +0 mace
 C - a +3 spear
 G - a +0 sling
 K - a +0 scimitar
 M - a +1 hammer of protection
 Q - a +2 vorpal great mace
 S - a +0 short sword
 V - a +4 scimitar
Missiles
 h - 14 poisoned darts
 p - 52 stones (quivered)
 D - 8 boomerangs
 R - 2 throwing nets
Armour
 c - the +1 ring mail of the Candlemaker {*Slow rElec Will++ MP+9}
   (You found it on level 8 of the Dungeon)

   rElec:     It insulates you from electricity.
   MP:        It affects your magic capacity (+9).
   *Slow:     It may slow you when you take damage.
   Will:      It greatly increases your willpower.
 k - a +0 robe
 q - a +0 helmet (worn)
 F - a +0 cloak (worn)
 O - a +0 pair of gloves (worn)
 P - a +2 leather armour of cold resistance (worn)
 W - a +0 buckler
Jewellery
 l - a ring of willpower (left hand)
 s - a +6 ring of dexterity (right hand)
 w - an amulet of magic regeneration (around neck)
 y - a +6 ring of strength
 L - an amulet of regeneration
 U - a ring of positive energy
 X - a ring of ice
Wands
 t - a wand of mindburst (8)
 N - a wand of iceblast (16)
 T - a wand of flame (1)
Scrolls
 e - a scroll of poison
 g - 3 scrolls of amnesia
 n - 3 scrolls of blinking
 r - 2 scrolls of enchant armour {unknown}
 v - a scroll of acquirement {unknown}
 B - a scroll of immolation {unknown}
 E - 2 scrolls of vulnerability {unknown}
 I - 4 scrolls of teleportation {unknown}
 J - 2 scrolls of fear {unknown}
 Y - 2 scrolls of magic mapping
Potions
 d - 2 potions of flight
 i - a potion of heal wounds
 j - a potion of invisibility
 o - 6 potions of curing
 u - 3 potions of haste
 x - 2 potions of might
 z - 3 potions of magic
 A - a potion of brilliance


   Skills:
 + Level 6.9 Fighting
 - Level 3.0 Short Blades
 + Level 1.0 Maces & Flails
 - Level 3.0 Ranged Weapons
 - Level 1.0 Throwing
 - Level 5.0 Armour
 - Level 5.0 Dodging
 - Level 2.0 Stealth
 + Level 2.2 Shields
 + Level 6.7 Spellcasting
 - Level 3.0 Conjurations
 * Level 10.0 Necromancy
 - Level 3.0 Evocations


You had 14 spell levels left.
You knew the following spells:

 Your Spells              Type           Power      Damage    Failure   Level
a - Necrotise             Necr           100%       1d9       1%          1
b - Vampiric Draining     Necr           46%        2d9       1%          3
c - Kiss of Death         Conj/Necr      100%       2d13      1%          1
d - Animate Dead          Necr           46%        N/A       2%          4

Your spell library contained the following spells:

 Spells                   Type           Power      Damage    Failure   Level
 Sublimation of Blood     Necr           46%        N/A       1%          2
 Agony                    Necr           46%        N/A       6%          5
 Slow                     Hex            24%        N/A       13%         1
 Anguish                  Hex/Necr       13%        N/A       17%         4
 Ensorcelled Hibernation  Hex/Ice        12%        N/A       21%         2
 Confusing Touch          Hex            6%         N/A       36%         3
 Inner Flame              Hex/Fire       6%         N/A       36%         3
 Spider Form              Tmut/Pois      6%         N/A       36%         3
 Cause Fear               Hex            3%         N/A       78%         4
 Discord                  Hex            3%         N/A       100%        8


Dungeon Overview and Level Annotations

Branches:
Dungeon (10/15)            Temple (1/1) D:4            Lair (0/5) D:10
    Orc (0/2) D:10

Altars:
Ashenzari
Cheibriados
Dithmenos
Elyvilon
Fedhas
Gozag
Hepliaklqana
Kikubaaqudgha
Makhleb
Nemelex Xobeh
Okawaru
Qazlal
Ru
Sif Muna
Trog
Uskayaw
Vehumet
Wu Jian
Xom
Yredelemnul
Zin
The Shining One

Shops:
D:4 *   D:5 !   D:10 (

Annotations:
D:4 3 runed translucent doors, pokeman's ghost, amateur DEHW
D:7 2 runed translucent doors, exclusion: hornet, Crazy Yiuf; capslocke's ghost, novice GnDe
D:9 3 runed translucent doors, p00ps00p's ghost, journeyman HOFi


Message History

Your orc warrior zombie crumbles into dust!
Your ogre zombie crumbles into dust!
The gnoll sergeant closely misses you.
The gnoll sergeant hits you with a +0 spear.
Unknown command.
You closely miss the gnoll sergeant.
The gnoll sergeant is moderately wounded.
The gnoll sergeant barely misses you.
The gnoll sergeant hits you with a +0 spear.
You barely miss the gnoll sergeant.
The gnoll sergeant is heavily wounded.
The gnoll sergeant barely misses you.
The gnoll sergeant hits you but does no damage.
You hit the gnoll sergeant.
The gnoll sergeant looks as sick as possible!
The gnoll sergeant is heavily wounded.
The gnoll sergeant hits you from afar with a +0 spear!
You closely miss the gnoll sergeant.
The gnoll sergeant is severely wounded.
The gnoll sergeant hits you from afar with a +0 spear.
* * * LOW HITPOINT WARNING * * *
The gnoll sergeant closely misses you. The troll attacks as you move away!
The troll bites you.
* * * LOW HITPOINT WARNING * * *
The troll claws you!
* * * LOW HITPOINT WARNING * * *
The troll claws you.
* * * LOW HITPOINT WARNING * * *
The gnoll sergeant misses you.
Casting: Animate Dead (dangerous; 2% risk of failure)
Confirm with . or Enter, or press ? or * to list all spells.
Aiming: Vampiric Draining (safe; 1% risk of failure)
Press: ? - help, Shift-Dir - straight line, f - troll
Aim: a troll You draw life force from the troll!
You feel life coursing into your body.
You kill the gnoll sergeant!
Kikubaaqudgha accepts your kill.
The dead are walking!
The troll bites you!
You die...
Kikubaaqudgha rasps: "You have failed me!
Welcome... death!"

#.#########.......#
........##.......#
.######..'.......##
####....>.....
##'######## #..# #.#
#######.## #.#
##...###..#######.#
#.#
##.....###..@TZ....#
#.#
#........#.###o#####
#.# #...∩....#.# .og8
#.# #........#.#ogo.K#
#.# ##.†..)#.#.#.gog.#
..#####...##.#.#K....#
...........#.#.#8...8#
.#########.#...#######
.# ###.##


You could see a troll (ally target), an orc warrior, a kobold brigand, a gnoll
sergeant and a friendly gnoll sergeant zombie.

Vanquished Creatures
  3 two-headed ogres
  2 kobold demonologists (D:9)
  A wyvern (D:9)
  A basilisk (D:8)
  A steam dragon (D:7)
  Menkaure (D:6)
  An acid dragon (D:9)
  3 water moccasins
  2 sky beasts
  3 black bears (D:6)
  3 orc warriors
  6 ogres
  An ice beast (D:8)
  2 centaurs
  A phantom (D:6)
  4 kobold brigands
  2 bullfrogs
  3 gnoll sergeants
  2 scorpions (D:5)
  5 wights
  3 howler monkeys
  A jelly (D:6)
  4 orc priests
  2 hounds
  2 iguanas
  5 orc wizards
  8 adders
  2 white imps (D:5)
  3 dart slugs
  18 orcs
  4 bats
  3 endoplasms
  2 giant cockroaches
  7 goblins
  5 hobgoblins
  2 quokkas
  5 ball pythons
  4 frilled lizards
  9 kobolds
  3 rats
  A spectral orc (D:8)
140 creatures vanquished.

Vanquished Creatures (collateral kills)
  3 water moccasins (D:10)
  2 black bears (D:10)
  2 bullfrogs (D:10)
  2 wights
  A howler monkey (D:9)
  3 orc priests
  An orc (D:8)
  A rat (D:2)
15 creatures vanquished.

Vanquished Creatures (others)
  2 water moccasin zombies (D:10)
  2 bullfrog zombies (D:10)
  2 gnoll zombies (D:9)
  4 orc zombies (D:10)
  18 fungi (D:10)
  20 plants (D:10)
48 creatures vanquished.

Grand Total: 203 creatures vanquished

Notes
Turn   | Place    | Note
-------+----------+-------------------------------------------
     0 | D:1      | Lobster4 the Human Necromancer began the quest for the Orb.
     0 | D:1      | Reached XP level 1. HP: 13/13 MP: 3/3
   500 | D:1      | Reached XP level 2. HP: 20/20 MP: 1/5
  1253 | D:2      | Reached XP level 3. HP: 25/25 MP: 1/6
  1410 | D:2      | Found a faded altar of an unknown god.
  1595 | D:2      | Reached skill level 1 in Fighting
  1595 | D:2      | Reached skill level 1 in Armour
  1873 | D:2      | Reached XP level 4. HP: 28/32 MP: 1/7
  2169 | D:3      | Noticed an ogre
  2472 | D:3      | Killed an ogre
  2473 | D:3      | Reached skill level 1 in Throwing
  2473 | D:3      | Reached skill level 1 in Evocations
  2473 | D:3      | Reached XP level 5. HP: 27/38 MP: 2/8
  2673 | D:3      | Reached XP level 6. HP: 29/44 MP: 1/10
  2838 | D:3      | Found a shimmering altar of Xom.
  3125 | D:4      | Found a runed translucent gate.
  3126 | D:4      | Found a runed translucent gate.
  3183 | D:4      | Found Domelia's Overcharged Wands.
  3193 | D:4      | Found a staircase to the Ecumenical Temple.
  3205 | D:4      | Noticed an ogre
  3214 | D:4      | Killed an ogre
  3233 | D:4      | Noticed an ogre
  3249 | Temple   | Entered the Ecumenical Temple
  3261 | Temple   | Became a worshipper of Kikubaaqudgha
  3419 | D:4      | Killed an ogre
  3420 | D:4      | Reached skill level 5 in Necromancy
  3420 | D:4      | Reached XP level 7. HP: 51/51 MP: 11/11
  3515 | D:4      | Noticed a water moccasin
  3524 | D:4      | Killed a water moccasin
  3542 | D:4      | Found a runed translucent gate.
  3543 | D:4      | Noticed pokeman's ghost (amateur DEHW)
  3643 | D:4      | Found a burning altar of Makhleb.
  3777 | D:5      | Entered Level 5 of the Dungeon
  4005 | D:5      | Reached XP level 8. HP: 38/58 MP: 13/13
  4416 | D:5      | Learned a level 3 spell: Vampiric Draining
  4565 | D:5      | Found Motheh's Distillery.
  4574 | D:5      | Bought a potion of haste for 120 gold pieces
  4574 | D:5      | Bought a potion of curing for 36 gold pieces
  4916 | D:6      | Reached skill level 1 in Short Blades
  5069 | D:6      | Reached skill level 6 in Necromancy
  5229 | D:6      | Noticed Menkaure
  5247 | D:6      | Killed Menkaure
  5520 | D:6      | Reached XP level 9. HP: 66/66 MP: 13/16
  5896 | D:6      | Reached * piety under Kikubaaqudgha
  5896 | D:6      | Received a gift from Kikubaaqudgha
  5897 | D:6      | Reached skill level 7 in Necromancy
  6065 | D:7      | Reached skill level 5 in Spellcasting
  6089 | D:7      | Found a shimmering altar of Xom.
  6089 | D:7      | Noticed capslocke's ghost (novice GnDe)
  6090 | D:7      | Noticed a +3 long sword of chaos
  6091 | D:7      | Found a runed translucent door.
  6100 | D:7      | Noticed a hornet
  6163 | D:7      | Reached skill level 5 in Fighting
  6489 | D:7      | Found a runed translucent door.
  6490 | D:7      | Noticed Crazy Yiuf
  6705 | D:8      | Reached skill level 1 in Ranged Weapons
  6804 | D:8      | Found a hazy altar of Hepliaklqana.
  6972 | D:8      | Reached skill level 8 in Necromancy
  7043 | D:8      | Learned a level 1 spell: Kiss of Death
  7048 | D:8      | Learned a level 4 spell: Animate Dead
  7080 | D:8      | Noticed a two-headed ogre
  7092 | D:8      | Killed a two-headed ogre
  7093 | D:8      | Reached skill level 1 in Conjurations
  7093 | D:8      | Reached XP level 10. HP: 6/75 MP: 5/18
  7584 | D:8      | Identified the +1 ring mail of the Candlemaker {*Slow rElec
                  | Will++ MP+9}
  8388 | D:9      | Noticed a kobold demonologist
  8463 | D:9      | Noticed a kobold demonologist
  8584 | D:9      | Found a runed translucent gate.
  8585 | D:9      | Found a runed translucent gate.
  8585 | D:9      | Found a runed translucent gate.
  8588 | D:9      | Noticed p00ps00p's ghost (journeyman HOFi)
  8632 | D:9      | Noticed a two-headed ogre
  8720 | D:9      | Killed a two-headed ogre
  8730 | D:9      | Reached skill level 9 in Necromancy
  8759 | D:9      | Killed a kobold demonologist
  8944 | D:9      | Found a glowing silver altar of Zin.
  9162 | D:9      | Killed a kobold demonologist
  9952 | D:10     | Entered Level 10 of the Dungeon
  9952 | D:10     | Found a staircase to the Lair.
  9982 | D:10     | Reached XP level 11. HP: 42/83 MP: 5/20
  9986 | D:10     | Reached skill level 1 in Shields
 10001 | D:10     | Noticed a two-headed ogre
 10011 | D:10     | Killed a two-headed ogre
 10048 | D:10     | Identified the +6 mace of Fortitude {venom, +Blink Int+4}
 10386 | D:10     | Reached skill level 5 in Armour
 10469 | D:10     | Found Sul Mufiaj's Weapon Shoppe.
 10600 | D:10     | Identified the +1 leather armour of Kabez {rPois}
 10625 | D:10     | Reached ** piety under Kikubaaqudgha
 10629 | D:10     | Reached skill level 5 in Dodging
 10780 | D:10     | Found a staircase to the Orcish Mines.
 10809 | D:10     | Reached skill level 10 in Necromancy
 10816 | D:10     | Reached skill level 1 in Maces & Flails
 10824 | D:10     | HP: 2/83 [troll (4)]
 10825 | D:10     | Slain by a troll

Illustrated notes

Levels and vault maps discovered:
D:1:      minmay_arrival_arboretum_small, layout_loops_cross
D:2:      layout_loops_ring, ebering_ecumenical_altar_mist
D:3:      layout_rooms, mainiacjoe_overflow_six_doors_small
D:4:      layout_cave_pools, bloody_makhleb, temple_pool_b,
          ebering_ghost_rock_garden, nicolae_shop_overcharged_wands
D:5:      layout_gridville, serial_shops, shop, kennysheep_nondescript,
          minivault_24
D:6:      layout_loops_ring, grunt_ministairs_9, uniq_menkaure
D:7:      layout_cave_pools, ebering_ghost_xom, uniq_crazy_yiuf_cottage
D:8:      layout_cave_pods, nicolae_hepliaklqana_monster_ancestors
D:9:      layout_irregular_city, zin_treasury, gammafunk_ghost_necromancy,
          st_stairs_2, palyth_stone_intersect
D:10:     layout_roguey, due_lair_maze_entry_diamond,
          kennysheep_orc_monster_closet_entryway, serial_shops,
          nicolae_shop_bloodbath_and_beyond
Temple:   nicolae_temple_two_arcs

Skill      XL: |  1  2  3  4  5  6  7  8  9 10 11 |
---------------+----------------------------------+-----
Fighting       | 1 2 3 4 5 6 |  6.9
Armour         | 1 2 3 4 5 |  5.0
Throwing       | 1 |  1.0
Evocations     | 1 2 3 |  3.0
Dodging        | 3 4 5 |  5.0
Spellcasting   | 3 4 5 6 |  6.7
Necromancy     | 5 6 8 9 10 | 10.0
Short Blades   | 2 3 |  3.0
Ranged Weapons | 2 3 |  3.0
Conjurations   | 1 3 |  3.0
Shields        | 2 |  2.2
Maces & Flails | 1 |  1.0
Stealth        | |  2.0

Action                   |  1- 3 |  4- 6 |  7- 9 | 10-12 || total
-------------------------+-------+-------+-------+-------++-------
Melee: Unarmed           |    11 |       |       |       ||    11
       Short sword       |     3 |    36 |    46 |    45 ||   130
       Punch             |       |       |     1 |     2 ||     3
       Dagger            |       |       |       |   104 ||   104
       Scimitar          |       |       |       |     1 ||     1
Throw: Dart              |       |    16 |    29 |     5 ||    50
       Stone             |       |     8 |     5 |       ||    13
       Throwing net      |       |     1 |       |     1 ||     2
       Boomerang         |       |       |    12 |    12 ||    24
 Cast: Necrotise         |    65 |    50 |   131 |    63 ||   309
       Vampiric Draining |       |       |    14 |    40 ||    54
       Kiss of Death     |       |       |     1 |     1 ||     2
       Animate Dead      |       |       |       |     9 ||     9
Evoke: Wand              |       |     1 |     6 |     3 ||    10
  Use: Scroll            |       |     1 |     7 |     3 ||    11
       Potion            |       |       |     1 |     2 ||     3
 Stab: Sleeping          |     1 |       |     2 |       ||     3
       Distracted        |       |       |     3 |       ||     3
Armor: Robe              |     6 |     5 |       |       ||    11
       Leather armour    |       |     5 |    27 |    67 ||    99
Dodge: Dodged            |    17 |    22 |    82 |   164 ||   285

Table legend: (Time is in decaauts)
 A = Elapsed time spent in this place.
 B = Non-inter-level travel time spent in this place.
 C = Inter-level travel time spent in this place.
 D = Time resting spent in this place.
 E = Time spent auto-exploring this place.
 F = Levels seen in this place.
 G = Mean time per level.
                   A        B        C        D        E       F      G
               +--------+--------+--------+--------+--------+-----+--------+
         Total |  10801 |  10193 |    608 |   1870 |   6395 |  11 |  981.9 |
       Dungeon |  10693 |  10095 |    598 |   1870 |   6310 |  10 | 1069.3 |
        Temple |    108 |     98 |     10 |      0 |     85 |   1 |  108.0 |
               +--------+--------+--------+--------+--------+-----+--------+

Top non-repeatable levels by time:
     D:8: 1804 daAuts
     D:9: 1449 daAuts
     D:1: 1215 daAuts
     D:6: 1124 daAuts
     D:5: 1086 daAuts
     D:2: 1072 daAuts
    D:10: 857 daAuts
     D:3: 828 daAuts
     D:7: 704 daAuts
     D:4: 550 daAuts
  Temple: 108 daAuts
